 Dungeon Sprint DCSS version 0.21.1-1-g345015f (webtiles) character file.

0 doot the Cudgeler (level 3, -3/39 HPs)
             Began as a Troll Berserker on June 6, 2018.
             Was a Believer of Trog.
             Killed from afar by Sigmund (16 damage)
             ... with a puff of flame
             ... in the Dungeon (Sprint VI: "Thunderdome").
             The game lasted 00:02:15 (136 turns).

doot the Cudgeler (Troll Berserker)                  Turns: 136, Time: 00:02:17

Health: -3/39      AC:  5    Str: 31    XL:     3   Next: 60%
Magic:  2/2        EV: 11    Int:  3    God:    Trog [**....]
Gold:   65         SH:  0    Dex: 12    Spells: 2/2 levels left

rFire    x . .     SeeInvis .   a - +0 mace
rCold    . . .     Gourm    +   (no shield)
rNeg     . . .     Faith    .   b - +0 animal skin
rPois    +         Spirit   .   (helmet restricted)
rElec    +         Reflect  .   (no cloak)
rCorr    .         Harm     .   (gloves unavailable)
MR       +....     NoTele   +   (boots unavailable)
Stlth    ++........             (no amulet)
HPRegen  0.53/turn              o - ring "Cennui" {rElec rPois rF- MR+ Str+5}
MPRegen  0.08/turn              q - ring of Xeziph {rElec rPois Dex+3 Stlth+}

@: no status effects
A: large, unfitting armour, claws 3, fast metabolism 3, gourmand, regeneration
1, shaggy fur 1, tough skin 2
a: Berserk, Trog's Hand, Burn Spellbooks, Renounce Religion


You were in the Dungeon.
You worshipped Trog.
Trog was pleased with you.
You were not hungry.

You visited 1 branch You collected 200 gold pieces.
You spent 135 gold pieces at shops.

Inventory:

Hand Weapons
 a - a +0 mace (weapon)
Armour
 b - a +0 animal skin (worn)
Jewellery
 o - the ring "Cennui" (left claw) {rElec rPois rF- MR+ Str+5}
   (You bought it in a shop in the Dungeon)

   [ring of protection from magic]

   It affects your strength (+5).
   It makes you vulnerable to fire.
   It insulates you from electricity.
   It protects you from poison.
   It affects your resistance to hostile enchantments.
 q - the ring of Xeziph (right claw) {rElec rPois Dex+3 Stlth+}
   (You bought it in a shop in the Dungeon)

   [ring of stealth]

   It affects your dexterity (+3).
   It insulates you from electricity.
   It protects you from poison.
   It makes you more stealthy.
Wands
 j - a wand of acid (5)
 k - a wand of iceblast (5)
Scrolls
 i - 4 scrolls of blinking
 l - 3 scrolls of fog
Potions
 d - a potion of curing
 e - 4 potions of heal wounds
 f - 4 potions of haste
 g - 2 potions of magic
 h - a potion of berserk rage
 m - 2 potions of resistance
Comestibles
 c - 2 rations
 n - a chunk of flesh


   Skills:
 + Level 4.2 Fighting
 + Level 4.7 Maces & Flails
 + Level 4.1 Dodging


You had 2 spell levels left.
You didn't know any spells.

Dungeon Overview and Level Annotations

Branches:
Dungeon (1/1)

Altars:
Cheibriados
Dithmenos
Fedhas
Gozag
Kikubaaqudgha
Makhleb
Okawaru
Qazlal
Ru
Sif Muna
Trog
Uskayaw
Vehumet
Wu Jian
Xom
Yredelemnul
Zin
The Shining One
Beogh
Jiyva
Lugonu

Shops:
D *[%??*?*:[((!!!!

Annotations:
D Sigmund


Innate Abilities, Weirdness & Mutations

You are too large for most types of armour.
You have claws for hands.
Your metabolism is lightning-fast.
You like to eat raw meat.
Your natural rate of healing is unusually fast.
You are covered in fur. (AC +1)
You have very tough skin. (AC +2)


Message History

The phantom hits you but does no damage.
The phantom blinks!
You hit the phantom but do no damage.
The phantom is almost destroyed. 15...
The phantom hits you.
The phantom blinks!
Sigmund points at you and mumbles some strange words.
The magic dart hits you!
* * * LOW HITPOINT WARNING * * *
You hit the phantom but do no damage.
The phantom is almost destroyed.
You recover from your berserk rage.
The phantom barely misses you.
You closely miss the phantom.
The phantom is almost destroyed. 10...
The phantom blinks!
Sigmund points at you and mumbles some strange words.
The puff of flame hits you! The fire burns you terribly!
You die...

###.........###
#⌠..@........⌠#
##.8.........8.######
_......###......___∩##
.....8.# #.8........∩###
.......###.............#
....###.).###..........⌠
....# #.<.# #...§......⌠
....###...###..)@......⌠
.......###.............#
.....8.# #.8........∩###
_......###...@..___∩##
##.8.........8.######
#⌠.......W...⌠#
###.........###
#_......._# #.........#


You could see a phantom and Sigmund.

Vanquished Creatures
  Jessica (D)
  Terence (D)
  A kobold (D)
3 creatures vanquished.

Notes
Turn   | Place    | Note
-------+----------+-------------------------------------------
     0 | D        | doot the Troll Berserker began the quest for the Orb.
     0 | D        | Reached XP level 1. HP: 22/22 MP: 0/0
     1 | D        | Found a shadowy altar of Dithmenos.
     1 | D        | Found a corrupted altar of Lugonu.
     2 | D        | Found an iron altar of Okawaru.
     3 | D        | Found an opulent altar of Gozag.
     3 | D        | Found a basalt altar of Yredelemnul.
     4 | D        | Found Jity's Delicious Food.
     4 | D        | Found a stormy altar of Qazlal.
     4 | D        | Found a hide-covered altar of Uskayaw.
     4 | D        | Found Viq Umog's Identification Station.
     5 | D        | Found Ungek's Jewellery.
     5 | D        | Found Pighups's Advanced Armour.
     5 | D        | Round 1.
     6 | D        | Noticed Terence
    15 | D        | Killed Terence
    15 | D        | Reached XP level 2. HP: 31/31 MP: 1/1
    25 | D        | Bought a smoking granite ring for 45 gold pieces
    25 | D        | Bought a scintillating lead amulet for 45 gold pieces
    25 | D        | Bought a smoking amber ring for 45 gold pieces
    25 | D        | Identified the ring "Cennui" {rElec rPois rF- MR+ Str+5} (You bought it in a shop in the Dungeon)
    26 | D        | Identified the amulet of Zojowir {Inacc rPois rC+ Stlth+} (You bought it in a shop in the Dungeon)
    27 | D        | Identified the ring of Xeziph {rElec rPois Dex+3 Stlth+} (You bought it in a shop in the Dungeon)
    33 | D        | Found a snail-covered altar of Cheibriados.
    35 | D        | Found a viscous altar of Jiyva.
    37 | D        | Found Afuzaf's Premium Goods.
    38 | D        | Found a glowing golden altar of the Shining One.
    38 | D        | Found a shimmering altar of Xom.
    38 | D        | Found Adocupau's Weapon Rack.
    38 | D        | Found Dioke's Miscellaneous Merchandise.
    38 | D        | Found Daer's Basic Armour.
    42 | D        | Found a glowing silver altar of Zin.
    57 | D        | Found a burning altar of Makhleb.
    58 | D        | Found a blossoming altar of Fedhas.
    59 | D        | Found Tiepohoss's Do-It-Yourself Clinic.
    59 | D        | Found a deep blue altar of Sif Muna.
    59 | D        | Found a sacrificial altar of Ru.
    59 | D        | Found a roughly hewn altar of Beogh.
    59 | D        | Found Hiuticeu's Distillery.
    60 | D        | Found Tiewnomn's Bottled Wisdom.
    60 | D        | Found Ytzyv's Distillery.
    65 | D        | Found an ornate altar of the Wu Jian Council.
    66 | D        | Found an ancient bone altar of Kikubaaqudgha.
    67 | D        | Found a bloodstained altar of Trog.
    68 | D        | Found a radiant altar of Vehumet.
    68 | D        | Found Relerho's Staff Store.
    68 | D        | Found Cuajosost's Magic Scroll Shop.
    68 | D        | Noticed a phantom
    69 | D        | Found Qihublef's Must-Have Magic.
    69 | D        | Found Ciont's Magic Scroll Shop.
    82 | D        | Noticed Jessica
    98 | D        | Killed Jessica
    98 | D        | Reached ** piety under Trog
    98 | D        | Reached XP level 3. HP: 16/39 MP: 2/2
   131 | D        | Noticed Sigmund
   136 | D        | Killed from afar by Sigmund

Skill      XL: |  1  2 |
---------------+-------+-----
Fighting       | 3 4 |  4.2
Maces & Flails | 4 |  4.7
Dodging        | 3 4 |  4.1

Action                   || total
-------------------------++-------
Melee: Mace              ||    31
Invok: Berserk           ||     2
Armor: Animal skin       ||     4
Dodge: Dodged            ||    22
